AoeStats
← Evan Mason

Oasis

507030867Analyzed
4v4 RM · 17d ago on Sep 16, 2026· 20m 39s· 8 players
Game mode
Random Map
Map size
Large (8 player)
Population
200
Speed
Normal
Resources
Standard
Victory
Conquest
Starting age
Dark Age
Ending age
Imperial Age
RankedLock teamsTeams togetherTeam positionsShared explorationLock speedFull tech treeHidden civsTurbo modeCheats
Victory
Defeat
🇹🇷 Ethiopians · Türkiye
923
+3
🇨🇳 Franks · China
870
+4
🇫🇷 Koreans · France
748
+6
🇹🇷 Malians · Türkiye
539
+12
🇨🇳 Spanish · China
609
-10
🇨🇭 Turks · Switzerland
510
-7
🇨🇳 Bulgarians · China
490
-10
🇨🇳 Jurchens · China
375
-3
Elite Savage
ciaroVit
1:13 Loom
Evan Mason
NooBskie
TireurFou
kızılelma
Cherokee
12:13 Feudal Age
16:11 Scale Barding Armor
16:17 Forging
19:00 Castle Age
17:15 Horse Collar
17:23 Double-Bit Axe
20:28 Iron Casting
子曰可以有
2:04 Loom
Connection lost

Rejoining the realm…

Still unreachable

The connection could not be restored.

Session expired

The server has moved on; the page needs a fresh start.